Map: Taito Citadel LE

Players

AMCHOLDER

  • Race: Zerg Zerg
  • League: Diamond
  • Spawn Location: 5:00

Jorangei - Winner!

  • Race: Protoss Protoss
  • Spawn Location: 11:00

VOD

Have the link to the VOD?

Description

Time

  • Played on: Dec. 27, 2025, 11:06 a.m.
  • Length: 11:43
Show
View Real Time Build Order
Export as new Build Order

AMCHOLDER Zerg 

Build Orders: Pool First 

Get SALT Encoding   

  12  0:00  Drone  
  13  0:09  Drone  
  14  0:14  Extractor  
  14  0:15  Drone  
  15  0:21  Overlord  
  15  0:47  Drone x3  
  15  0:49  Spawning Pool  
  17  0:51  Extractor  
  16  0:59  Drone  
  17  1:09  Drone  
  18  1:20  Drone  
  19  1:26  Hatchery  
  19  1:31  Drone  
  19  1:38  Roach Warren  
  18  1:41  Zergling x2  
  19  1:52  Zergling x2  
  20  1:54  Queen  
  22  2:02  Overlord  
  22  2:07  Metabolic Boost  
  22  2:22  Zergling x2  
  23  2:34  Zergling x2  
  23  2:35  Zergling x2  
  25  2:43  Roach  
  26  2:57  Hatchery, Zergling x4  
  27  3:09  Drone x2  
  27  3:10  Overlord  
  29  3:33  Drone x2  
  28  3:46  Drone x4  
  28  3:47  Lair  
  32  3:53  Extractor, Drone  
  32  4:04  Overlord  
  32  4:10  Overlord, Queen  
  32  4:12  Drone  
  32  4:15  Drone  
  32  4:16  Drone  
  37  4:18  Drone  
  37  4:21  Drone  
  39  4:26  Drone  
  40  4:33  Drone  
  41  4:39  Extractor  
  41  4:41  Overlord, Extractor  
  39  4:46  Drone x2  
  39  4:47  Drone x2  
  39  4:52  Spire  
  42  4:53  Drone  
  42  4:56  Drone  
  44  5:03  Drone x2  
  46  5:13  Baneling Nest, Drone  
  46  5:14  Drone x2  
  46  5:15  Drone  
  46  5:16  Drone  
  50  5:25  Drone  
  50  5:27  Drone  
  52  5:28  Drone  
  52  5:30  Zergling x4  
  55  5:38  Overlord  
  55  5:41  Overlord  
  55  5:47  Hatchery  
  54  6:04  Overseer  
  54  6:05  Mutalisk x5  
  54  6:06  Mutalisk  
  54  6:10  Overseer  
  66  6:14  Overseer  
  66  6:25  Zerg Flyer Weapons Level 1  
  66  6:41  Hatchery  
  65  6:51  Drone  
  65  6:52  Drone  
  65  6:53  Extractor  
  66  6:56  Drone  
  66  6:58  Extractor  
  66  7:07  Drone x2  
  64  7:12  Drone  
  64  7:15  Queen  
  60  7:28  Drone x4  
  63  7:38  Drone x3  
  66  7:47  Queen  
  68  7:58  Queen  
  63  8:07  Drone x2  
  63  8:12  Drone x2  
  61  8:22  Drone x3  
  64  8:27  Zergling x2  
  64  8:28  Zergling x4  
  67  8:36  Drone x2  
  67  8:37  Drone  
  70  8:41  Zergling x2  
  70  8:42  Zergling x8  
  70  8:47  Drone  
  68  8:56  Zergling x12  
  70  9:07  Spore Crawler  
  70  9:08  Zergling x16  
  77  9:12  Spore Crawler  
  76  9:19  Overlord, Spore Crawler  
  76  9:22  Overlord, Spore Crawler  
  76  9:23  Overlord  
  74  9:25  Spore Crawler  
  74  9:29  Baneling x6  
  74  9:30  Baneling  
  70  9:42  Zergling x12  
  70  9:43  Zergling x12  
  68  10:03  Drone  
  68  10:04  Drone x2  
  68  10:05  Drone x2  
  68  10:06  Roach Warren, Drone x3  
  61  10:26  Drone x2  
  61  10:27  Drone x2  
  61  10:28  Drone x2  
  64  10:33  Evolution Chamber x2, Queen  
  66  10:44  Overlord x2  
  66  10:51  Hatchery  
  63  11:07  Drone x3  
  63  11:08  Drone x2  
  63  11:09  Drone  
  63  11:10  Drone x2  
  71  11:13  Drone  
  72  11:23  Overlord x3  
  72  11:33  Spore Crawler  
  72  11:34  Spore Crawler  
Show
View Real Time Build Order
Export as new Build Order

Jorangei Protoss - Winner!

Build Orders: Zealot Archon 

Get SALT Encoding   

  12  0:01  Probe  
  13  0:13  Probe  
  14  0:22  Pylon  
  14  0:27  Probe  
  15  0:38  Probe  
  16  0:45  Gateway  
  16  0:46  Probe  
  16  0:52  Assimilator  
  16  0:54  Probe  
  18  1:06  Probe  
  19  1:18  Probe  
  20  1:34  Zealot  
  20  1:35  Cybernetics Core  
  20  1:37  Gateway  
  22  1:40  Pylon  
  22  1:43  Probe  
  23  1:58  Probe  
  24  2:03  Adept  
  24  2:10  Probe  
  24  2:12  Pylon, Warp Gate  
  27  2:22  Probe  
  28  2:38  Nexus  
  28  2:49  Assimilator  
  28  2:50  Pylon  
  28  2:53  Stalker  
  28  3:07  Probe  
  29  3:18  Stalker  
  29  3:25  Pylon  
  31  3:43  Twilight Council  
  31  3:45  Shield Battery  
  31  3:47  Probe  
  32  3:51  Probe  
  32  3:53  Pylon  
  33  3:57  Probe  
  33  4:00  Probe  
  34  4:03  Gateway  
  34  4:05  Probe  
  36  4:10  Probe  
  36  4:13  Gateway  
  36  4:14  Probe  
  37  4:20  Probe  
  39  4:27  Dark Shrine  
  39  4:29  Probe  
  40  4:32  Probe  
  40  4:37  Assimilator  
  41  4:41  Probe  
  42  4:49  Probe  
  43  4:52  Pylon  
  43  4:53  Probe  
  44  5:01  Probe  
  44  5:05  Probe  
  46  5:08  Charge  
  46  5:12  Gateway x2  
  46  5:14  Probe  
  47  5:18  Probe, Pylon  
  48  5:40  Dark Templar x4  
  56  5:48  Probe  
  57  6:13  Stargate  
  57  6:14  Assimilator, Stargate  
  57  6:15  Pylon  
  57  6:16  Shield Battery  
  57  6:19  Shield Battery  
  57  6:27  Archon x2  
  57  6:30  Probe  
  57  6:31  Probe  
  59  6:44  Pylon  
  59  6:47  Zealot x2, Forge  
  59  6:48  Zealot x3  
  59  6:49  Zealot  
  71  6:56  Phoenix x2  
  71  7:00  Protoss Ground Weapons Level 1  
  74  7:13  Shield Battery x2  
  68  7:21  Phoenix x2  
  66  7:27  Photon Cannon  
  66  7:30  Photon Cannon  
  66  7:33  Pylon  
  66  7:34  Pylon  
  66  7:40  Zealot x4  
  66  7:41  Protoss Air Weapons Level 1  
  74  7:53  Phoenix  
  74  8:01  Phoenix  
  78  8:11  Blink  
  74  8:17  Nexus  
  74  8:18  Pylon  
  70  8:43  Probe  
  70  8:44  Assimilator  
  70  8:45  Shield Battery, Pylon  
  70  8:46  Assimilator, Robotics Facility  
  70  8:47  Dark Templar x2  
  70  8:48  Gateway  
  75  8:50  Gateway  
  75  8:54  Protoss Ground Weapons Level 2  
  74  8:55  Probe x2  
  74  9:01  Archon  
  75  9:07  Probe  
  75  9:09  Probe  
  77  9:20  Probe  
  77  9:21  Probe, Photon Cannon  
  79  9:30  Dark Templar x2  
  83  9:32  Probe  
  83  9:33  Probe  
  83  9:34  Dark Templar x2  
  89  9:47  Archon  
  89  9:49  Stalker  
  81  10:07  Probe x3  
  81  10:09  Archon  
  79  10:19  Probe x3  
  79  10:20  Observer  
  83  10:30  Photon Cannon  
  83  10:31  Probe x3  
  83  10:34  Dark Templar x2  
  83  10:35  Dark Templar x2  
  94  10:37  Dark Templar  
  94  10:41  Archon x2  
  96  10:43  Probe x3  
  99  10:55  Probe x3  
  99  10:56  Dark Templar  
  104  11:02  Archon, Warp Prism  
  106  11:07  Probe  
  106  11:08  Probe x2  
  109  11:12  Photon Cannon  
  109  11:20  Forge  
  109  11:38  Pylon  
  113  11:40  Nexus  
  113  11:43  Pylon  
Tags
 
Add a new tag
Caveats
  • Supply blocks, unpowered buildings, or Contaminate may cause inaccurate times.
  • Supply counts are checked every 10 seconds.